 Dungeon Crawl Stone Soup version 0.27-a0-1188-g73eefd5def (webtiles) character file.

Game seed: 5957624108067753633

1792 spiderkeys the Poker (level 9, -1/55 HPs)
             Began as a Tengu Abyssal Knight on May 21, 2021.
             Was an Elder of Lugonu.
             Slain by Menkaure (14 damage)
             ... on level 7 of the Dungeon.
             The game lasted 00:11:29 (7296 turns).

spiderkeys the Poker (Tengu Abyssal Knight)         Turns: 7296, Time: 00:11:30

Health: -1/55      AC: 12    Str: 16    XL:     9   Next: 9%
Magic:  13/13      EV: 11    Int: 12    God:    Lugonu [****..]
Gold:   340        SH: 13    Dex: 20    Spells: 8/8 levels left

rFire    x . .     SeeInvis .   a - +1 spear (freeze)
rCold    + + .     Faith    .   u - +0 kite shield
rNeg     . . .     Spirit   .   l - +0 ice dragon scales
rPois    .         Reflect  +   (helmet restricted)
rElec    .         Harm     .   i - +0 cloak
rCorr    .         Rampage  .   (no gloves)
Will     .....                  (boots unavailable)
Stlth    ..........             d - amulet of reflection
HPRegen  0.18/turn              D - +6 ring of dexterity
MPRegen  0.13/turn              (no ring)

@: flying quickly and evasively, quick
A: beak, talons 3, nimble flight
a: Renounce Religion, Depart the Abyss, Bend Space, Banish, Corrupt


You were on level 7 of the Dungeon.
You worshipped Lugonu.
Lugonu was greatly pleased with you.
You visited 1 branch of the dungeon, and saw 7 of its levels.
You visited the Abyss 1 time.
You also visited: Sewer.

You collected 378 gold pieces.
You spent 38 gold pieces at shops.


Innate Abilities, Weirdness & Mutations

You have a beak for a mouth.
You have claws for feet.
Your magical nature lets you fly swiftly and evasively.


   Skills:
 + Level 5.8 Fighting
 + Level 6.0 Polearms
 + Level 5.9 Armour
 + Level 5.5 Dodging
 + Level 0.6 Shields
 + Level 4.8 Invocations


You had 8 spell levels left.
You didn't know any spells.
Your spell library contained the following spells:

 Spells                   Type           Power      Damage    Failure   Level
 Cause Fear               Hex            0%         N/A       100%        4
 Silence                  Hex/Air        0%         N/A       100%        5
 Yara's Violent Unravell  Hex/Tmut       0%         3d3       100%        5
 Discord                  Hex            0%         N/A       100%        8

Inventory:

Hand Weapons
 a - a +1 spear of freezing (weapon)
Missiles
 b - 151 stones
 e - 25 bolts
 f - 7 boomerangs
 h - 71 sling bullets
 k - 32 arrows
 m - a throwing net {=f!f}
 p - 29 poisoned darts
 t - 2 javelins
Armour
 c - a +2 scale mail of cold resistance
   (You found it on level 2 of the Abyss)
 i - a +0 cloak (worn)
   (You found it on level 2 of the Dungeon)
 l - +0 ice dragon scales (worn)
   (You found it on level 3 of the Dungeon)
 u - a +0 kite shield (worn)
   (You found it on level 7 of the Dungeon)
Jewellery
 d - an amulet of reflection (around neck)
   (You found it on level 1 of the Dungeon)
 D - a +6 ring of dexterity (left hand)
   (You found it on level 1 of the Dungeon)
 P - a ring of poison resistance
   (You found it on level 6 of the Dungeon)
Wands
 n - a wand of flame (10)
   (You found it on level 4 of the Dungeon)
Scrolls
 j - a scroll of vulnerability {!r!r}
 o - 2 scrolls of teleportation {@r4}
 r - 6 scrolls of identify {@r1}
Potions
 g - a potion of haste {unknown}
 q - 3 potions of curing {@q1}
 s - a potion of heal wounds {unknown}
 v - a potion of attraction {unknown}

Dungeon Overview and Level Annotations

Branches:
Dungeon (7/15)             Temple (0/1) D:6           Sewer (visited)

Altars:

Shops:
D:1 *

Annotations:
D:5 2 transporters, leviel's ghost, novice MiFi
D:7 Menkaure

##.....# ##....####.###..##......
.......###...### #......##.......
.......##....# ###...###....##.
............########.#..##....#..
............###..##.###.......#..
.............#...#..# #......#.[<
.........###........###..........
....#...## ##........#....##.....
...###...####...@..#.....###...##
..###......[#....M.##...........#
.####..###..........#.......###..
.......# ###..........#####.# ###
......## #.###......## #.# #
...##.# #.## #..#....## #.#
..##### #. ##.#...#.###.## .## #.
#...####...#.## .### ## #..##
######.#


You could see Menkaure (fast).


Message History

No target in view!
Found an escape hatch in the floor. ๐Ÿ˜Ž HP[+4]
Your hp is fully restored (55).
Found a stone staircase leading down.
No target in view!
No target in view!
No target in view!
You now have 292 gold pieces (gained 5).
You now have 303 gold pieces (gained 11).
b - 134 stones (gained 24)
There is an escape hatch in the floor here.
Found a stone staircase leading down.
Key pressed, stopping explore.
No target in view!
Found a stone staircase leading down.
You now have 323 gold pieces (gained 20).
v - a cyan potion
b - 151 stones (gained 17)
You now have 329 gold pieces (gained 6).
A bullfrog comes into view.
The bullfrog croaks.
You hit the bullfrog but do no damage. You claw the bullfrog.
You block the bullfrog's attack. x2
You hit the bullfrog.
The bullfrog seems to slow down.
You freeze the bullfrog. Your kick misses the bullfrog.
The bullfrog hits you. ๐Ÿ˜• HP[-4]
You take 4 damage, and now have 51/55 hp.
You barely miss the bullfrog. You claw the bullfrog.
Your peck misses the bullfrog.
The bullfrog barely misses you. ๐Ÿ˜• HP[+1]
You hit the bullfrog.
The bullfrog seems to slow down.
You freeze the bullfrog. Your kick misses the bullfrog. You peck the bullfrog.
You kill the bullfrog!
Lugonu accepts your kill.
Your Polearms skill increases to level 6!
No target in view!
No target in view!
No target in view!
Key pressed, stopping explore.
You now have 340 gold pieces (gained 11).
Key pressed, stopping explore.
Menkaure, Prince of Dust comes into view.
Menkaure shouts!
Menkaure moves out of view. ๐Ÿ˜Ž HP[+3]
Your hp is fully restored (55).
No target in view!
Menkaure calls on the powers of darkness!
Your body is wracked with pain! ๐Ÿ˜ฎ HP[-26]
You take 26 damage, and now have 29/55 hp.
MASSIVE DAMAGE!! (PAUSE) ๐Ÿ˜ฎ HP[+1] ๐Ÿ˜ฎ HP[+1] ๐Ÿ˜ฎ HP[+1] ๐Ÿ˜ฎ HP[+1] ๐Ÿ˜ฎ HP[+1]
You see here a +0 scale mail. ๐Ÿ˜ฎ HP[+1] ๐Ÿ˜ฎ HP[+1] ๐Ÿ˜ฎ HP[+1]
Items here: )) [ รท.
There is a stone staircase leading up here.
You fly upwards.
There is a stone staircase leading down here. ๐Ÿ˜ฎ HP[+1]
You start resting. ๐Ÿ˜Ž HP[+17]
Your hp is fully restored (55).
You fly downwards.
Level annotation: Menkaure
There is a stone staircase leading up here.
Menkaure mumbles, "It doesn't hurt if you pull your brain out of your nose yourself."
Menkaure casts a spell.
Menkaure seems to speed up.
You see here a +0 robe.
You hit Menkaure. You claw Menkaure. You peck Menkaure, but do no damage.
Menkaure calls on the powers of darkness!
Your body is wracked with pain! ๐Ÿ˜ฎ HP[-26]
You take 26 damage, and now have 29/55 hp.
MASSIVE DAMAGE!! (PAUSE)
You hit Menkaure. You claw Menkaure, but do no damage.
Menkaure calls on the powers of darkness!
Your body is wracked with pain!
* * * LOW HITPOINT WARNING * * *
Menkaure barely misses you. ๐Ÿ˜จ HP[-13]
You take 13 damage, and now have 16/55 hp.
MASSIVE DAMAGE!! (PAUSE)
Your shield and ice dragon scales prevent you from hitting Menkaure.
You claw Menkaure.
Menkaure points at you and mumbles some strange words.
Pain shoots through your body!
* * * LOW HITPOINT WARNING * * *
๐Ÿ˜ฑ HP[-3]
You take 3 damage, and now have 13/55 hp.
You hit Menkaure. You claw Menkaure. Menkaure hits you!
You die...

Skill      XL: |  1  2  3  4  5  6  7  8  9 |
---------------+----------------------------+-----
Invocations    | 2 3 4 |  4.8
Dodging        | 2 3 4 5 |  5.5
Polearms       | 3 4 5 6 |  6.0
Armour         | 3 4 5 |  5.9
Fighting       | 4 5 |  5.8
Shields        | |  0.6

Action                   |  1- 3 |  4- 6 |  7- 9 || total
-------------------------+-------+-------+-------++-------
Melee: Spear             |    87 |   180 |   235 ||   502
       Peck              |    10 |    30 |    43 ||    83
       Kick              |    17 |    46 |   101 ||   164
Invok: Depart the Abyss  |     1 |       |       ||     1
  Use: Scroll            |     6 |     5 |     1 ||    12
       Potion            |       |       |     1 ||     1
Armor: Scale mail        |    27 |     3 |       ||    30
       Ice dragon scales |       |    58 |    59 ||   117
Dodge: Dodged            |    29 |    73 |    79 ||   181
Block: Other             |     5 |    33 |    29 ||    67
       Reflection        |       |     1 |     1 ||     2
       Kite shield       |       |       |     5 ||     5

Levels and vault maps discovered:
D:1:      heliophobic_arrival_henge, layout_loops_ring, serial_shops,
          nicolae_shop_temple_entry_statues_fountains, minmay_ruptured
D:2:      layout_rooms, shapermc_ecumenical_altar_mp_highgroup
D:3:      layout_rooms, gup_sewer_entry_pipe, minmay_misc_feat_ornament,
          minmay_distorted
D:4:      layout_gridville, minmay_unequal, uniq_eustachio
D:5:      layout_loops_ring, gammafunk_ghost_gnarly_gnolls,
          kennysheep_decorative_pillar
D:6:      layout_rooms, minmay_temple_entry_enclosed_plants
D:7:      layout_layer_cave, serial_shops, shop_statue, uniq_menkaure

Notes
Turn   | Place    | Note
-------+----------+-------------------------------------------
     0 | Abyss:1  | spiderkeys the Tengu Abyssal Knight began the quest for the
                  | Orb.
     0 | Abyss:1  | Reached XP level 1. HP: 14/14 MP: 3/3
     0 | Abyss:1  | magus.rc [v1.9.10]
    32 | Abyss:1  | Found a transporter.
    34 | Abyss:1  | Noticed an efreet
    35 | Abyss:1  | Found a transporter.
    35 | Abyss:1  | Noticed a tentacled starspawn
    36 | Abyss:1  | Found a corrupted altar of Lugonu.
    36 | Abyss:1  | Noticed a tentacled starspawn
    36 | Abyss:1  | Noticed a quasit
    36 | Abyss:1  | Noticed a wretched star
    37 | Abyss:1  | Noticed a dream sheep
    38 | Abyss:1  | Noticed a death drake
    38 | Abyss:1  | a dream sheep changed into a death drake
    69 | Abyss:2  | Found a corrupted altar of Lugonu.
   106 | Abyss:2  | You pick up a book of Hexes and begin reading...
   106 | Abyss:2  | You add the spells Cause Fear, Yara's Violent Unravelling,
                  | Silence and Discord to your library.
   113 | Abyss:2  | Noticed a thrashing horror
   116 | D:1      | You pass through the gate.
   116 | D:1      | Escaped the Abyss
   259 | D:1      | Reached XP level 2. HP: 19/19 MP: 4/4
   341 | D:1      | Found Gudeubb's Assorted Antiques.
   343 | D:1      | Reached * piety under Lugonu
   352 | D:1      | Bought a scroll labelled ACLETU MESERCH for 19 gold pieces
   787 | D:1      | Reached XP level 3. HP: 23/23 MP: 5/5
   892 | D:1      | Reached skill level 2 in Invocations
  1086 | D:1      | Bought a scroll labelled SANACZATIC for 19 gold pieces
  1177 | D:2      | Found a faded altar of an unknown god.
  1573 | D:2      | Reached skill level 2 in Dodging
  1654 | D:3      | Reached ** piety under Lugonu
  1655 | D:3      | Reached XP level 4. HP: 28/28 MP: 6/6
  1795 | D:3      | Reached skill level 3 in Polearms
  1861 | D:3      | Reached skill level 3 in Armour
  2020 | D:3      | Found a glowing drain.
  2043 | Sewer    | Entered a sewer
  2099 | Sewer    | Noticed a kobold brigand
  2105 | Sewer    | Gained mutation: Your magical nature lets you fly swiftly
                  | and evasively. [Tengu growth]
  2105 | Sewer    | Reached XP level 5. HP: 32/32 MP: 7/7
  2111 | Sewer    | Killed a kobold brigand
  2274 | Sewer    | Found a glowing silver altar of Zin.
  2367 | D:3      | Reached *** piety under Lugonu
  2391 | D:3      | Reached XP level 6. HP: 14/38 MP: 9/9
  3127 | D:4      | Reached skill level 4 in Fighting
  3127 | D:4      | Reached skill level 3 in Dodging
  3132 | D:4      | HP: 5/38 [orc/+0 flail (5)]
  3475 | D:4      | Noticed Eustachio
  3487 | D:4      | Reached skill level 3 in Invocations
  3685 | D:4      | Killed Eustachio
  3686 | D:4      | Reached skill level 4 in Polearms
  3686 | D:4      | Reached skill level 4 in Armour
  3686 | D:4      | Reached XP level 7. HP: 39/44 MP: 10/10
  4366 | D:5      | Entered Level 5 of the Dungeon
  4504 | D:5      | Reached skill level 4 in Dodging
  4566 | D:5      | HP: 10/44 [poisoned by a scorpion]
  4758 | D:5      | Reached XP level 8. HP: 48/48 MP: 11/11
  4931 | D:5      | Found a transporter.
  4931 | D:5      | Identified the +1 buckler of Decaying the Leaf {rPois rC-
                  | rN+++ SInv}
  4993 | D:5      | Found a transporter.
  4999 | D:5      | Noticed leviel's ghost (novice MiFi)
  5023 | D:5      | Reached skill level 5 in Polearms
  5083 | D:5      | Reached skill level 5 in Fighting
  5429 | D:6      | Found a staircase to the Ecumenical Temple.
  5471 | D:6      | Reached skill level 4 in Invocations
  5480 | D:6      | Reached skill level 5 in Armour
  6037 | D:6      | Reached skill level 5 in Dodging
  6743 | D:6      | Reached **** piety under Lugonu
  6855 | D:7      | Reached XP level 9. HP: 55/55 MP: 13/13
  7046 | D:7      | Reached skill level 6 in Polearms
  7120 | D:7      | Noticed Menkaure
  7295 | D:7      | HP: 13/55 [Menkaure/nerve-wracking pain (4)]
  7296 | D:7      | Slain by Menkaure

Vanquished Creatures
  Eustachio (D:4)
  A steam dragon (D:6)
  A water moccasin (D:6)
  An ice beast (D:7)
  An orc warrior (D:6)
  An ogre (D:6)
  2 phantoms
  A kobold brigand (Sewer)
  A bullfrog (D:7)
  2 scorpions (D:5)
  4 water moccasin skeletons
  A centaur skeleton (D:7)
  A hound (D:4)
  2 iguanas
  7 orc wizards
  A hound skeleton (D:4)
  4 adders
  11 gnolls
  A river rat (Sewer)
  A shadow imp (D:7)
  2 worms
  A dart slug (D:2)
  15 orcs
  9 ball pythons
  6 bats
  4 endoplasms
  13 giant cockroaches
  6 goblins
  4 hobgoblins
  A jackal (Sewer)
  9 quokkas
  7 frilled lizards
  8 kobolds
  7 rats
137 creatures vanquished.

Vanquished Creatures (others)
  6 plants (D:5)
6 creatures vanquished.

Grand Total: 143 creatures vanquished

Table legend:
 A = Non-vault XP
 B = Vault XP
 C = Vault XP percentage of total XP
 D = Non-vault monster count
 E = Vault monster count
 F = Vault count percentage of total count
                 A         B        C        D         E       F
            +---------+---------+-------+---------+---------+-------
      Total |    2107 |     453 |  17.7 |     111 |      26 |  19.0
            +---------+---------+-------+---------+---------+-------
        D:1 |      30 |       8 |  21.1 |      18 |       4 |  18.2
        D:2 |      35 |       0 |   0.0 |      15 |       0 |   0.0
        D:3 |     112 |      29 |  20.6 |      28 |       9 |  24.3
        D:4 |     194 |     300 |  60.7 |      12 |       4 |  25.0
        D:5 |     608 |       0 |   0.0 |      17 |       0 |   0.0
        D:6 |     818 |       0 |   0.0 |      15 |       0 |   0.0
        D:7 |     310 |       0 |   0.0 |       6 |       0 |   0.0
      Sewer |       0 |     116 | 100.0 |       0 |       9 | 100.0
            +---------+---------+-------+---------+---------+-------

Illustrated notes

Table legend:
 A = Kills in this place as a percentage of kills in entire the game.
 B = Kills by you in this place as a percentage of kills by you in the entire game.
 C = Kills by friends in this place as a percentage of kills by friends in the entire game.
 D = Other kills in this place as a percentage of other kills in the entire game.
 E = Experience gained in this place as a percentage of experience gained in the entire game.
 F = Experience gained in this place divided by the number of levels of this place that you have seen.
                   A       B       C       D       E      F
               +-------+-------+-------+-------+-------+----------------------
         Total | 100.0 | 100.0 |   N/A |   N/A | 100.0 | 256.0
       Dungeon |  93.4 |  93.4 |   N/A |   N/A |  95.5 | 349.1
         Sewer |   6.6 |   6.6 |   N/A |   N/A |   4.5 | 116.0
               +-------+-------+-------+-------+-------+----------------------

Table legend: (Time is in decaauts)
 A = Elapsed time spent in this place.
 B = Non-inter-level travel time spent in this place.
 C = Inter-level travel time spent in this place.
 D = Time resting spent in this place.
 E = Time spent auto-exploring this place.
 F = Levels seen in this place.
 G = Mean time per level.
                   A        B        C        D        E       F      G
               +--------+--------+--------+--------+--------+-----+--------+
         Total |   7017 |   6748 |    269 |    866 |   4602 |  10 |  701.7 |
       Dungeon |   6600 |   6331 |    269 |    866 |   4337 |   7 |  942.9 |
         Abyss |    115 |    115 |      0 |      0 |     16 |   2 |   57.5 |
         Sewer |    301 |    301 |      0 |      0 |    248 |   1 |  301.0 |
               +--------+--------+--------+--------+--------+-----+--------+

Top non-repeatable levels by time:
     D:4: 1306 daAuts
     D:5: 1176 daAuts
     D:6: 1111 daAuts
     D:3: 1002 daAuts
     D:1: 992 daAuts
     D:2: 537 daAuts
     D:7: 474 daAuts
   Sewer: 301 daAuts
 Abyss:1: 69 daAuts
 Abyss:2: 46 daAuts
